 Dungeon Crawl Stone Soup version 0.32-a0-616-g9348d4545b (webtiles) character file.

Game seed: 3673634234037589425

4199 dialectric the Fighter (level 10, -6/82 HPs)
             Began as a Coglin Berserker on Mar 6, 2024.
             Was a Priest of Trog.
             Mangled by a cane toad (11 damage)
             ... on level 1 of the Lair of Beasts.
             The game lasted 00:12:52 (8498 turns).

dialectric the Fighter (Coglin Berserker)           Turns: 8498, Time: 00:12:53

Health: -6/82      AC: 12    Str: 21    XL:     10   Next: 29%
Magic:  10/10      EV: 15    Int:  6    God:    Trog [***...]
Gold:   628        SH:  0    Dex: 19    Spells: 9/9 levels left

rFire   . . .        M - +3 hand axe {Tejnoor}
rCold   . . .        k - +0 hand axe {Nenetl}
rNeg    . . .        b - +0 animal skin
rPois   .            o - +1 helmet
rElec   .            w - +0 cloak
rCorr   .            K - +0 pair of gloves of Theory {Str+2 Dex+2 SInv}
SInv    +            B - +2 pair of boots
Will    ++...        (amulet unavailable)
Stlth   ++           (ring unavailable)
HPRegen 1.33/turn    (ring unavailable)
MPRegen 0.12/turn    (no gizmo)

%: no passive effects
@: lethally poisoned (-6 -> -10), strong-willed, on berserk cooldown,
regenerating, slowed, revving, very slow
A: off-hand wielding, slow wielding, warmup strikes, no jewellery, iridescent
scales 1
a: Invent Gizmo, Renounce Religion, Berserk, Trog's Hand


You were on level 1 of the Lair of Beasts.
You worshipped Trog.
Trog was most pleased with you.
You visited 2 branches of the dungeon, and saw 10 of its levels.

You collected 628 gold pieces.

Inventory:

Hand Weapons
 c - a +0 dagger {Xiuhtonal}
 k - a +0 hand axe (offhand) {Nenetl}
 y - a +0 heavy flail
 M - a +3 hand axe (weapon) {Tejnoor}
Missiles
 J - 2 throwing nets
 L - 4 poisoned darts
Armour
 a - a +2 pair of gloves
 b - a +0 animal skin (worn)
 j - a +0 plate armour
 o - a +1 helmet (worn)
 w - a +0 cloak (worn)
 B - a +2 pair of boots (worn)
 C - a +1 hat
 K - the +0 pair of gloves of Theory (worn) {Str+2 Dex+2 SInv}
   (You acquired it on level 1 of the Lair of Beasts)

   Str+2:     It affects your strength (+2).
   Dex+2:     It affects your dexterity (+2).
   SInv:      It lets you see invisible.
 N - a +0 ring mail
Wands
 G - a wand of roots (12)
Scrolls
 h - a scroll of torment {unknown}
 n - 2 scrolls of enchant armour
 p - 2 scrolls of teleportation
 q - 2 scrolls of fog
 r - 2 scrolls of vulnerability
 t - a scroll of revelation {unknown}
 z - a scroll of immolation {unknown}
 A - a scroll of noise {unknown}
 E - a scroll of fear {unknown}
 F - a scroll of brand weapon {unknown}
 H - 2 scrolls of amnesia
 I - a scroll of enchant weapon {unknown}
Potions
 d - 2 potions of magic
 e - 6 potions of curing
 f - a potion of ambrosia
 g - 2 potions of enlightenment
 i - 2 potions of mutation
 l - a potion of invisibility
 s - 3 potions of attraction
 u - 2 potions of might
 x - a potion of haste
 D - a potion of brilliance
 O - a potion of berserk rage
 P - a potion of lignification


   Skills:
 + Level 8.6 Fighting
 + Level 7.8 Axes
 + Level 7.4 Armour
 - Level 5.1 Dodging
 - Level 2.2 Stealth


You had 9 spell levels left.
You didn't know any spells.
Your spell library was empty.

Dungeon Overview and Level Annotations

Branches:
Dungeon (9/15)             Temple (0/1) D:5            Lair (1/5) D:8
    Orc: D:9-12

Altars:
Hepliaklqana
Okawaru
Vehumet

Shops:
D:7 :

Portals:
Ice
Cave: Lair:1

Annotations:
D:5 Duvessa
D:6 exclusion: statue


Innate Abilities, Weirdness & Mutations

You can wield a second weapon in your off-hand.
It takes a long time for you to wield or remove held weapons.
Your first few attacks do less damage.
You cannot equip rings or amulets.
You are partially covered in iridescent scales. (AC +2)


Message History

You feel strong-willed.
The wolf howls!
You hear a howl!
You hear a loud, deep croak!
The wolf bites you but does no damage. The wolf closely misses you.
The cane toad closely misses you. The wolf barely misses you.
The wolf closely misses you.
The cane toad stings you but does no damage.
The wolf bites you!
You miss the wolf with your +3 hand axe.
The wolf is lightly wounded.
You hit the wolf but do no damage.
You hit the cane toad with your +3 hand axe.
You hit the wolf but do no damage.
You closely miss the cane toad with your +0 hand axe.
You miss the wolf with your +0 hand axe.
The wolf bites you!
The wolf bites you but does no damage. x2
The cane toad stings you.
You are poisoned.
The cane toad poisons you!
The wolf pauses to sniff the ground.
The wolf closely misses you. The wolf barely misses you.
Unknown command.
Okay, then.
Blink to where?
Press: ? - help, Dir - move target
As you read the scroll of blinking, it crumbles to dust.
You feel extremely sick. The wolf bites you but does no damage.
The wolf misses you. The wolf bites you but does no damage.
The cane toad closely misses you.
You feel very sick. The wolf barely misses you. The wolf closely misses you.
The wolf misses you. The wolf bites you.
* * * LOW HITPOINT WARNING * * *
The wolf misses you. The cane toad completely misses you.
The wolf bites you but does no damage. The wolf closely misses you. x2
The wolf bites you!
* * * LOW HITPOINT WARNING * * *
The wolf bites you.
* * * LOW HITPOINT WARNING * * *
The cane toad stings you!
You die...

.#...... ... #...... ..#
##....# ...# #....# ...#
# #######...#### ...##
####.##.#.†..##.###....#
............#.........#
...............Fhh....##
...............h@h.P...>.
...............h.........
...................#.#...
...............#......##.
............#######....#
#####.......# ...## #
##...##>.. ...# #)§..###.
... ###...##


You could see a cane toad and 5 wolves.

Vanquished Creatures
  6 yaks
  A wyvern (Lair:1)
  Edmund (D:4)
  A water moccasin (D:8)
  2 black bears
  4 ice beasts
  2 sky beasts
  A wolf (Lair:1)
  An ogre (D:4)
  A centaur (D:7)
  A phantom (D:4)
  4 bullfrogs
  11 wights
  Dowan (D:5)
  A howler monkey (D:5)
  A bombardier beetle (D:6)
  A hound (D:6)
  6 orc priests
  3 gnoll boudas
  A jelly (D:6)
  Jessica (D:2)
  A sleepcap (D:5)
  2 orc wizards
  24 gnolls
  4 adders
  4 shadow imps
  18 white imps
  3 ufetubi (D:6)
  2 dart slugs
  12 orcs
  4 ball pythons
  10 endoplasms
  2 giant cockroaches
  7 hobgoblins
  5 kobolds
  8 quokkas
  6 bats
  6 frilled lizards
  6 goblins
  5 rats
180 creatures vanquished.

Notes
Turn   | Place    | Note
-------+----------+-------------------------------------------
     0 | D:1      | dialectric the Coglin Berserker began the quest for the
                  | Orb.
     0 | D:1      | Reached XP level 1. HP: 18/18 MP: 1/1
    88 | D:1      | Reached XP level 2. HP: 24/24 MP: 2/2
   620 | D:1      | Reached XP level 3. HP: 29/29 MP: 3/3
   664 | D:1      | Reached ** piety under Trog
  1049 | D:2      | Noticed Jessica
  1064 | D:2      | Killed Jessica
  1065 | D:2      | Reached skill level 1 in Stealth
  1065 | D:2      | Reached XP level 4. HP: 35/35 MP: 4/4
  1791 | D:3      | Found a faded altar of an unknown god.
  2189 | D:4      | Reached XP level 5. HP: 31/41 MP: 5/5
  2441 | D:4      | Noticed an ogre
  2449 | D:4      | Killed an ogre
  2529 | D:4      | Noticed Edmund
  2542 | D:4      | Killed Edmund
  2543 | D:4      | Reached skill level 4 in Fighting
  2543 | D:4      | Reached XP level 6. HP: 32/48 MP: 6/6
  2935 | D:5      | Entered Level 5 of the Dungeon
  3155 | D:5      | Noticed a black bear
  3166 | D:4      | Killed a black bear
  3167 | D:4      | Reached XP level 7. HP: 55/55 MP: 7/7
  3341 | D:5      | Found a staircase to the Ecumenical Temple.
  3528 | D:5      | Reached skill level 5 in Fighting
  3546 | D:5      | Noticed Duvessa
  3546 | D:5      | Noticed Dowan
  4129 | D:6      | Reached XP level 8. HP: 62/62 MP: 8/8
  4184 | D:6      | Found a radiant altar of Vehumet.
  4205 | D:6      | Reached *** piety under Trog
  4261 | D:6      | Reached skill level 5 in Dodging
  4728 | D:5      | Killed Dowan
  5319 | D:6      | Reached skill level 6 in Fighting
  5319 | D:6      | Reached skill level 5 in Armour
  5700 | D:7      | Reached skill level 5 in Axes
  5757 | D:7      | Reached XP level 9. HP: 71/71 MP: 9/9
  6454 | D:7      | Found a hazy altar of Hepliaklqana.
  6560 | D:7      | Found an iron altar of Okawaru.
  6604 | D:7      | Reached skill level 7 in Fighting
  6840 | D:7      | Found Yngiuhent's Book Boutique.
  7731 | D:8      | Found a staircase to the Lair.
  7864 | D:8      | Gained mutation: You are partially covered in iridescent
                  | scales. (AC +2) [potion of mutation]
  8137 | Lair:1   | Entered Level 1 of the Lair of Beasts
  8140 | Lair:1   | Identified a scroll of acquirement
  8140 | Lair:1   | Acquired the +0 pair of gloves of Theory {Str+2 Dex+2 SInv}
  8205 | Lair:1   | Reached skill level 8 in Fighting
  8241 | D:8      | Reached XP level 10. HP: 80/80 MP: 10/10
  8466 | Lair:1   | Found a frozen archway.
  8488 | Lair:1   | Noticed a cane toad
  8498 | Lair:1   | Mangled by a cane toad

Illustrated notes

Levels and vault maps discovered:
D:1:      dpeg_arrival_arbitrary_b, layout_basic, serial_bayou_lagoon_a
D:2:      layout_loops_ring, uniq_jessica
D:3:      layout_basic, shapermc_ecumenical_altar_ellora, gup_sewer_entry_pipe,
          uniq_ijyb
D:4:      layout_basic, serial_glass, glass_columns_b, glass_columns_a,
          glass_columns_a, glass_columns_c, serial_library_regret_index_headful,
          uniq_edmund
D:5:      layout_rooms, nicolae_overflow_hidden_temple,
          nicolae_dithmenos_through_a_glass_darkly,
          minmay_temple_entry_water_ring, uniq_duvessa
D:6:      layout_basic, vehumet_statue, serial_demonic, serial_demonic_d,
          serial_demonic_b, serial_demonic_e, serial_demonic_a,
          serial_demonic_a, serial_demonic_g
D:7:      layout_loops_corners, minitemple, serial_glass, glass_columns_a,
          glass_columns_b, item_on_display_a, minmay_strange_pillars,
          minmay_strange_pillars, due_unseen_surprise, roderic_roman_lattice,
          grunt_ministairs_12, chequers_serial_rivers_marsh,
          hangedman_abyss_or_decor_stabs, nicolae_take_the_stairs
D:8:      layout_basic, lair_entry_dummy
D:9:      layout_roguey, nemelex_altar_shiori, hiddenorc2_lemuel
Lair:1:   layout_hall_layers, gauntlet_entry_generic,
          portal_ice_cave_entry_imps, chequers_serial_rivers_marsh,
          lemuel_fruit_tree, uniq_harold

Skill      XL: |  1  2  3  4  5  6  7  8  9 |
---------------+----------------------------+-----
Armour         | 2 3 4 5 7 |  7.4
Dodging        | 2 3 4 5 |  5.1
Stealth        | 1 2 |  2.2
Fighting       | 4 5 6 8 |  8.6
Axes           | 4 5 7 |  7.8

Action                     |  1- 3 |  4- 6 |  7- 9 | 10-12 || total
---------------------------+-------+-------+-------+-------++-------
  Melee: Hand axe          |    69 |   153 |   532 |    65 ||   819
         Dagger            |    65 |       |       |       ||    65
  Throw: Javelin           |       |       |     8 |       ||     8
 Invoke: Berserk           |     1 |     3 |    14 |     1 ||    19
         Trog's Hand       |       |       |       |     1 ||     1
    Use: Scroll            |       |     8 |    10 |     2 ||    20
         Potion            |       |       |     2 |       ||     2
   Stab: Sleeping          |     4 |     2 |     3 |       ||     9
 Armour: Animal skin       |    35 |    51 |   203 |    53 ||   342
  Dodge: Dodged            |    49 |    43 |   211 |    47 ||   350

Table legend: (Time is in decaauts)
 A = Elapsed time spent in this place.
 B = Non-inter-level travel time spent in this place.
 C = Inter-level travel time spent in this place.
 D = Time resting spent in this place.
 E = Time spent auto-exploring this place.
 F = Levels seen in this place.
 G = Mean time per level.
                   A        B        C        D        E       F      G
               +--------+--------+--------+--------+--------+-----+--------+
         Total |   8684 |   8107 |    577 |    875 |   5365 |  10 |  868.4 |
       Dungeon |   8373 |   7796 |    577 |    875 |   5200 |   9 |  930.3 |
          Lair |    310 |    310 |      0 |      0 |    165 |   1 |  310.0 |
               +--------+--------+--------+--------+--------+-----+--------+

Top non-repeatable levels by time:
     D:6: 1740 daAuts
     D:7: 1359 daAuts
     D:4: 1264 daAuts
     D:8: 985 daAuts
     D:1: 911 daAuts
     D:5: 764 daAuts
     D:2: 635 daAuts
     D:3: 622 daAuts
  Lair:1: 310 daAuts
     D:9: 89 daAuts
